[Event "*** Titled Tuesday Blitz"]
[Site "Chess.com"]
[Date "2020.05.19"]
[Round "2"]
[White "CyberneticLion"]
[Black "VladimirBugayev"]
[Result "1-0"]
[WhiteElo "2499"]
[BlackElo "2279"]
[TimeControl "180+1"]
[EndTime "12:17:40 PDT"]
[Termination "CyberneticLion won by resignation"]

1. e4 c6 2. d4 d5 3. exd5 cxd5 4. c4 Nf6 5. Nc3 e6 6. c5 Be7 7. Nf3 O-O 8. Bd3 b6 9. b4 bxc5 10. bxc5 Nc6 11. O-O a5 12. Bb5 Qc7 13. Bxc6 Qxc6 14.
Ne5 Qe8 15. Rb1 Ba6 16. Re1 Rb8 17. Ba3 Rxb1 18. Qxb1 Qa8 19. Qb6 Rb8 20. Qc6 Bf8 21.
Qxa8 Rxa8 22. Rb1 Ne4 23. Na4 Nd2 24. Rb6 Nc4 25. Nxc4 Bxc4 26. Rb7 Bxa2 27. Nb6 Re8 28. f4 f6 29. c6 Bxa3 30. c7 Bb2 31. Rb8 Bxd4+ 32.
Kf1 Bc4+ 33. Ke1 Ba6 34. Rxe8+ Kf7 35. Ra8 Bxb6 36. Rxa6 Bxc7 37. Ra7 Kg6 38. Rxc7 Kf5 39. Rxg7 Kxf4 40. Rxh7 d4 41. Rg7 f5 42. h4 e5 43. h5 e4 44. h6 Ke3 45. h7 d3 46.
h8=Q d2+ 47. Kd1 Kd3 48. Rd7+ 1-0

[Event "*** Titled Tuesday Blitz"]
[Site "Chess.com"]
[Date "2020.05.19"]
[Round "2"]
[White "r31415"]
[Black "SaySpade4VIP"]
[Result "0-1"]
[WhiteElo "2464"]
[BlackElo "2679"]
[TimeControl "180+1"]
[EndTime "12:17:41 PDT"]
[Termination "SaySpade4VIP won by checkmate"]

1. e4 c6 2. d4 d5 3. f3 e6 4. Nc3 Qb6 5. a3 Nd7 6. Be3 Ngf6 7. e5 Nxe5 8. Na4 Qa5+ 9. c3 Ng6 10. h4 h5 11. Bd3 Qc7 12. Bxg6 Qg3+ 13. Kf1 Qxg6 14. Ne2 b5 15. Nc5 Bxc5 16. dxc5 e5 17. a4 bxa4 18. Qxa4 Bd7 19. Kf2 O-O 20. Bg5 Nh7 21. Be7 Rfe8 22. Bd6 Nf8 23. Qa6 e4 24. Qb7 exf3 25.
gxf3 Rxe2+ 26. Kxe2 Qg2+ 27. Kd3 Bf5+ 28. Ke3 Re8+ 29.
Kf4 Ng6+ 30. Kxf5 Qxf3+ 31. Bf4 Qg4# 0-1

[Event "*** Titled Tuesday Blitz"]
[Site "Chess.com"]
[Date "2020.05.19"]
[Round "2"]
[White "Alexander_Donchenko"]
[Black "ajian"]
[Result "1-0"]
[WhiteElo "2690"]
[BlackElo "2327"]
[TimeControl "180+1"]
[EndTime "12:17:41 PDT"]
[Termination "Alexander_Donchenko won on time"]

1. e4 c5 2. Nf3 Nc6 3. d4 cxd4 4. Nxd4 Nf6 5. Nc3 e5 6. Ndb5 d6 7. Bg5 a6 8. Na3 b5 9. Bxf6 gxf6 10. Nd5 f5 11. c3 Bg7 12. Nc2 O-O 13. Bd3 Be6 14. O-O Bxd5 15. exd5 Ne7 16. a4 e4 17. Be2 bxa4 18. Rxa4 a5 19. Ne3 Rb8 20. Nc4 Rb5 21.
Qc1 Rxd5 22. Rd1 Rxd1+ 23. Qxd1 d5 24. Nxa5 Ng6 25. Nc6 Qg5 26. g3 f4 27. Ra5 fxg3 28. hxg3 e3 29. Qxd5 exf2+ 30. Kxf2 Qf6+ 31. Qf3 Qe6 32.
Bd3 Re8 33. Ra1 Qd6 34. Kg2 Rc8 35. Be4 Re8 36. Rf1 Rf8 37. Bd5 1-0

[Event "*** Titled Tuesday Blitz"]
[Site "Chess.com"]
[Date "2020.05.19"]
[Round "2"]
[White "MomchilPetkov"]
[Black "penguingm1"]
[Result "0-1"]
[WhiteElo "2545"]
[BlackElo "2884"]
[TimeControl "180+1"]
[EndTime "12:17:42 PDT"]
[Termination "penguingm1 won by resignation"]

1. d4 d5 2. c4 e6 3. Nc3 Be7 4. cxd5 exd5 5. Bf4 c6 6. e3 Bf5 7.
Nf3 Nf6 8. h3 h6 9. Be2 O-O 10.
O-O Re8 11. Rc1 Bd6 12. Bxd6 Qxd6 13. a3 a5 14. Na4 Nbd7 15. Nc5 Nxc5 16. Rxc5 Ne4 17.
Rc1 Re6 18. Ne5 f6 19. Nd3 g5 20. Bg4 Bxg4 21. Qxg4 Qe7 22. b4 axb4 23. axb4 Nd6 24. Ra1 Rf8 25. Nc5 f5 26. Qh5 Ref6 27. Ra7 Qg7 28.
Rfa1 Kh7 29. Kh1 g4 30. Qh4 Rg6 31. Ra8 Rf7 32. Rd8 f4 33. exf4 Nf5 34. Qh5 Qxd4 35. Raa8 Qd1+ 36. Kh2 g3+ 37. fxg3 Qxh5 38. Rh8+ Kg7 39. g4 Qh4 40. Rag8+ Kf6 41. Rxg6+ Kxg6 42. gxf5+ Kxf5 43. g3 Qf6 44. Re8 Qb2+ 45. Kg1 Qxb4 46. Nd7 Rxd7 0-1

[Event "*** Titled Tuesday Blitz"]
[Site "Chess.com"]
[Date "2020.05.19"]
[Round "2"]
[White "jmduque"]
[Black "JonahWillow"]
[Result "1-0"]
[WhiteElo "2499"]
[BlackElo "2703"]
[TimeControl "180+1"]
[EndTime "12:17:42 PDT"]
[Termination "jmduque won by resignation"]

1. e4 c5 2. Nf3 Nc6 3. Bb5 g6 4. Bxc6 dxc6 5. d3 Bg7 6. Nbd2 Nf6 7. Qe2 O-O 8. a4 Nd7 9. Nc4 e5 10. b3 Qe7 11. Bb2 Rd8 12. O-O f6 13. Nfd2 g5 14. Ne3 Nf8 15. Nf5 Qf7 16. g3 Ne6 17. Nc4 Nd4 18.
Bxd4 cxd4 19. Ncd6 Qc7 20. Nxc8 Raxc8 21. Kh1 Bf8 22. Qh5 Qf7 23. Qh3 Kh8 24. f4 gxf4 25. gxf4 exf4 26. Rxf4 Bd6 27. Rf3 Be5 28. Raf1 Rg8 29.
Nh6 Qe7 30. Nxg8 Rxg8 31. Qh5 Qg7 32. Qh3 Qg5 33. R3f2 Qg4 34. Qxg4 Rxg4 35. Rg2 Rh4 36. Rf3 h6 37. h3 Kh7 38. Rg4 Rxg4 39. hxg4 Kg6 40. Rf5 c5 41. Kg2 b6 42. Kf3 Kg7 43. Ke2 Kg6 44. Kd1 a5 45. Kc1 Kg7 46. Kb2 Kg6 47.
b4 cxb4 48. Kb3 Bd6 49. Kc4 Bc5 50. Kd5 Kf7 51. Rh5 Kg6 52. Ke6 Bf8 53. Rf5 Bg7 54. Ke7 Kh7 55. Kf7 Kh8 56. Kg6 Bf8 57. Rxf6 Bc5 58. Rc6 Kg8 59. Rc8+ Bf8 60. e5 1-0

[Event "*** Titled Tuesday Blitz"]
[Site "Chess.com"]
[Date "2020.05.19"]
[Round "2"]
[White "Chuchofrio1"]
[Black "Majesth"]
[Result "0-1"]
[WhiteElo "2260"]
[BlackElo "2463"]
[TimeControl "180+1"]
[EndTime "12:17:42 PDT"]
[Termination "Majesth won by resignation"]

1. d4 g6 2. c4 Bg7 3. e4 d6 4. f4 e5 5. fxe5 Qh4+ 6. Kd2 Qxe4 7. Nf3 Bf5 8. Be2 dxe5 9. Nc3 Qg4 10. dxe5 Nc6 11.
Nd5 O-O-O 12. b3 Nxe5 13. Nxe5 Qd4+ 14. Ke1 Bxe5 15. Qxd4 Bxd4 16. Bg5 Bxa1 17. Bxd8 Kxd8 18. Kf2 Bd4+ 19. Kg3 Be5+ 20. Kf2 c6 21. Ne3 Ne7 22. Rd1+ Kc7 23. g4 Be6 24. h4 Rd8 25. Bf3 Rxd1 26.
Nxd1 f5 27. g5 f4 28. h5 Bd4+ 29. Kg2 Nf5 30. hxg6 hxg6 31. Kh3 Ne3+ 32. Kh2 Nxd1 33. Bxd1 Bf5 34. Bf3 Kd6 35. a3 Ke5 36. Kg2 Be4 37.
Bxe4 Kxe4 38. b4 Kf5 39. b5 Bb2 40. bxc6 bxc6 41. a4 Bd4 0-1

[Event "*** Titled Tuesday Blitz"]
[Site "Chess.com"]
[Date "2020.05.19"]
[Round "2"]
[White "Efremov_Vlad"]
[Black "viktorskliarov"]
[Result "0-1"]
[WhiteElo "2140"]
[BlackElo "2591"]
[TimeControl "180+1"]
[EndTime "12:17:43 PDT"]
[Termination "viktorskliarov won by resignation"]

1. d4 Nf6 2. c4 e6 3. Nf3 b6 4. g3 Bb7 5. Bg2 Be7 6. O-O O-O 7. Nc3 Ne4 8. Bd2 Nxd2 9. Qxd2 d6 10. d5 e5 11. Ne1 f5 12. e3 f4 13. Ne2 fxe3 14.
Qxe3 Nd7 15. Nd3 Nc5 16. Nxc5 bxc5 17. f4 Bf6 18. Qd2 Bc8 19. Kh1 Rb8 20. Rab1 Bf5 21. b3 Bxb1 22. Rxb1 exf4 23. Qxf4 Be5 24. Qe4 Qf6 25.
Ng1 Rbe8 26. Re1 Qg6 27. Qxg6 hxg6 28. Nf3 Bc3 29. Rxe8 Rxe8 30. h4 Re2 31. Ng5 Be5 32. Kh2 Rxa2 33. Ne6 Rb2 34. Nxc7 Rxb3 35. Nb5 a5 36.
Bh3 Bxg3+ 0-1

[Event "*** Titled Tuesday Blitz"]
[Site "Chess.com"]
[Date "2020.05.19"]
[Round "2"]
[White "Moon_stone123"]
[Black "RianKapriaga"]
[Result "1-0"]
[WhiteElo "2518"]
[BlackElo "2195"]
[TimeControl "180+1"]
[EndTime "12:17:44 PDT"]
[Termination "Moon_stone123 won on time"]

1. Nf3 Nf6 2. g3 e6 3. Bg2 b6 4. O-O Bb7 5. c4 c5 6. Nc3 Nc6 7. b3 Be7 8. Bb2 O-O 9. d4 cxd4 10. Nxd4 Qc8 11. Ndb5 Ne8 12. Ne4 a6 13. Nbd6 Nxd6 14.
Nxd6 Bxd6 15. Qxd6 Qb8 16. Rfd1 Ra7 17. Qxb8 Nxb8 18.
Rd6 Bxg2 19. Kxg2 b5 20. cxb5 axb5 21. Rb6 d5 22. Rxb5 Nd7 23. a4 Rb8 24. Rxb8+ Nxb8 25. Bd4 Rb7 26. Rb1 Nc6 27. Bc5 Nb4 28. Rc1 f6 29. a5 Na6 30. Bb6 Kf7 31. Rb1 Nb4 32.
Ra1 Na6 33. Ra4 e5 34. b4 Nb8 35. b5 Nd7 36. a6 Rxb6 37. a7 1-0

[Event "*** Titled Tuesday Blitz"]
[Site "Chess.com"]
[Date "2020.05.19"]
[Round "2"]
[White "CuattroPrincesses"]
[Black "amiralfio"]
[Result "0-1"]
[WhiteElo "2262"]
[BlackElo "2464"]
[TimeControl "180+1"]
[EndTime "12:17:44 PDT"]
[Termination "amiralfio won by resignation"]

1. e4 c6 2. c4 g6 3. d4 Bg7 4. Nc3 d6 5. Be2 Nf6 6. h3 O-O 7. Nf3 a6 8. Be3 b5 9. cxb5 axb5 10. b4 Nbd7 11. O-O Nb6 12. d5 cxd5 13. exd5 Bb7 14.
Nxb5 Nfxd5 15. Bd4 e5 16. Bb2 Nxb4 17. Qxd6 Nxa2 18. Bxe5 Qxd6 19. Nxd6 Bxf3 20. Bxg7 Bxe2 21. Bxf8 Bxf1 22. Kxf1 Kxf8 0-1

[Event "*** Titled Tuesday Blitz"]
[Site "Chess.com"]
[Date "2020.05.19"]
[Round "2"]
[White "albano87"]
[Black "GMartin_Petrov"]
[Result "1-0"]
[WhiteElo "2328"]
[BlackElo "2606"]
[TimeControl "180+1"]
[EndTime "12:17:45 PDT"]
[Termination "albano87 won by resignation"]

1. e4 c5 2. Nf3 d6 3. d4 cxd4 4. Qxd4 Nf6 5. Nc3 Nc6 6. Bb5 Bd7 7. Bxc6 Bxc6 8. Bg5 e6 9. Qd3 Be7 10. Nd4 O-O 11.
O-O-O Rc8 12. f4 Qa5 13. Kb1 Rfe8 14. f5 Nxe4 15. Nxc6 Nxc3+ 16. Qxc3 Qxc3 17. Nxe7+ Rxe7 18. bxc3 f6 19. Bf4 exf5 20. Rxd6 Rxc3 21. Rhd1 g5 22. Bc1 Kf7 23. Bb2 Rc6 24. Bxf6 Re2 25. Bxg5 Rcxc2 26. Rf6+ Kg7 27. Rd7+ Kg8 28. Bh6 Rc8 29. Rg7+ Kh8 30. Rff7 Re1+ 31. Kb2 Re2+ 32. Kb3 Re6 33. Rxh7+ Kg8 34.
Rfg7+ 1-0

[Event "*** Titled Tuesday Blitz"]
[Site "Chess.com"]
[Date "2020.05.19"]
[Round "2"]
[White "Love_craft"]
[Black "PenguinPacks"]
[Result "1-0"]
[WhiteElo "2585"]
[BlackElo "2301"]
[TimeControl "180+1"]
[EndTime "12:17:45 PDT"]
[Termination "Love_craft won by resignation"]

1. Nf3 d5 2. g3 Nf6 3. Bg2 Nc6 4. d4 Bf5 5. O-O Qd7 6. a3 Bh3 7. Ne5 Nxe5 8. dxe5 Bxg2 9. Kxg2 Ng4 10. f4 d4 11. c3 c5 12. cxd4 cxd4 13. h3 Nh6 14. e3 Qc6+ 15. Qf3 Qc2+ 16. Qf2 Qe4+ 17. Kh2 Rc8 18. exd4 Rc2 19. Nd2 Qd3 20. g4 e6 21.
Re1 Be7 22. Rg1 O-O 23. Rg3 Qe4 24. Nxe4 Re2 25. Qxe2 1-0

[Event "*** Titled Tuesday Blitz"]
[Site "Chess.com"]
[Date "2020.05.19"]
[Round "2"]
[White "tigra"]
[Black "PlayChessSimple"]
[Result "1-0"]
[WhiteElo "2767"]
[BlackElo "2504"]
[TimeControl "180+1"]
[EndTime "12:17:47 PDT"]
[Termination "tigra won by resignation"]

1. e4 e6 2. d4 d5 3. Nc3 Nf6 4.
Bg5 Bb4 5. e5 h6 6. Bc1 Ne4 7. Qg4 g6 8. Ne2 c5 9. a3 Bxc3+ 10.
bxc3 Qa5 11. f3 Nxc3 12. Bd2 cxd4 13. Nxd4 Qc7 14. Qf4 Nd7 15. Bd3 Na4 16. Nb5 Qxe5+ 17. Qxe5 Nxe5 18. Nc7+ Kd7 19. Nxa8 Nxd3+ 20. cxd3 b6 21.
Bf4 e5 22. Bxe5 Re8 23. f4 f6 24. O-O fxe5 25. fxe5 Ba6 26. Rf7+ Re7 27. Rxe7+ Kxe7 28. Nc7 Bxd3 29. Nxd5+ Kd7 30. e6+ Kd6 31. Rd1 Nb2 32. Rd2 Kxe6 33. Nf4+ 1-0

[Event "*** Titled Tuesday Blitz"]
[Site "Chess.com"]
[Date "2020.05.19"]
[Round "2"]
[White "shrek4life02"]
[Black "Dynamikus"]
[Result "0-1"]
[WhiteElo "2496"]
[BlackElo "2743"]
[TimeControl "180+1"]
[EndTime "12:17:47 PDT"]
[Termination "Dynamikus won by resignation"]

1. d4 Nf6 2. Nc3 d5 3. Bg5 Nbd7 4. Qd2 h6 5. Bh4 g6 6. O-O-O Bg7 7. f3 O-O 8. g4 c5 9. e3 a6 10. g5 hxg5 11.
Bxg5 b5 12. dxc5 Bb7 13. e4 dxe4 14. fxe4 Nxc5 15. Qe3 Qc7 16. Bg2 Rac8 17. Nge2 Ncxe4 18. Bxf6 Nxf6 19. Bxb7 Qxb7 20. Kb1 b4 21. Na4 Qc6 22. Qb3 Rfd8 23. Rhe1 Ne4 24. Ka1 Rxd1+ 25. Rxd1 a5 26. Kb1 Bh6 27. Ka1 Nd2 28. Qh3 Qxc2 29. Re1 Bg7 30. Nb6 0-1

[Event "*** Titled Tuesday Blitz"]
[Site "Chess.com"]
[Date "2020.05.19"]
[Round "2"]
[White "ChristopherYoo"]
[Black "hermionegrangermagic"]
[Result "1-0"]
[WhiteElo "2883"]
[BlackElo "2549"]
[TimeControl "180+1"]
[EndTime "12:17:48 PDT"]
[Termination "ChristopherYoo won by resignation"]

1. e4 c5 2. Nf3 Nc6 3. Nc3 g6 4. Bb5 Bg7 5. O-O Nd4 6. Nxd4 cxd4 7. Ne2 a6 8. Ba4 b5 9. Bb3 e6 10. d3 Ne7 11. Bg5 O-O 12. f4 d6 13. Qe1 Qc7 14. Qh4 Nc6 15. Bf6 a5 16. a4 bxa4 17.
Bxa4 Bd7 18. Rf3 Nb4 19. Bxd7 Qxd7 20. Rh3 h5 21. Nxd4 e5 22. Bxg7 exd4 23. Bf6 Qe6 24.
f5 Qe8 25. Qxh5 gxh5 26. Rxh5 1-0

[Event "*** Titled Tuesday Blitz"]
[Site "Chess.com"]
[Date "2020.05.19"]
[Round "2"]
[White "ALeks_Ivlev"]
[Black "WanderingPuppet"]
[Result "1-0"]
[WhiteElo "2591"]
[BlackElo "2307"]
[TimeControl "180+1"]
[EndTime "12:17:48 PDT"]
[Termination "ALeks_Ivlev won by resignation"]

1. d4 Nf6 2. c4 g6 3. Nc3 Bg7 4. e3 O-O 5. Nf3 d6 6. Be2 Nbd7 7. b3 e5 8. Bb2 Qe7 9. Qc2 c6 10. O-O-O a6 11. dxe5 dxe5 12. Nd2 b5 13. Nde4 b4 14. Nxf6+ Nxf6 15. Ne4 Bf5 16. Nxf6+ Bxf6 17. e4 Be6 18. c5 a5 19. Rd6 a4 20. Bc4 axb3 21. axb3 Ra5 22. Bxe6 fxe6 23. Qc4 Bg5+ 24. Kc2 Rxf2+ 25.
Kb1 Qf7 26. Qxe6 Qxe6 27. Rxe6 Rxg2 28. Rxc6 Be3 29. Rc8+ Kg7 30. c6 Bd4 31. Bxd4 exd4 32. c7 Raa2 33. Rg8+ Kxg8 34. c8=Q+ Kg7 35. Qd7+ Kh6 36.
Qxd4 Rgd2 37. Qf6 Rxh2 38. Rxh2+ Rxh2 39. Qf4+ 1-0

[Event "*** Titled Tuesday Blitz"]
[Site "Chess.com"]
[Date "2020.05.19"]
[Round "2"]
[White "12teen"]
[Black "Tashik"]
[Result "1-0"]
[WhiteElo "2751"]
[BlackElo "2500"]
[TimeControl "180+1"]
[EndTime "12:17:49 PDT"]
[Termination "12teen won by resignation"]

1. e4 e5 2. Nc3 Bc5 3. g3 Nf6 4. Bg2 c6 5. d3 O-O 6. f4 exf4 7.
d4 Bb4 8. gxf4 Bxc3+ 9. bxc3 Nxe4 10. Bxe4 Re8 11. Nf3 Rxe4+ 12. Kf2 d5 13. Rg1 Bf5 14. Rg5 Qf6 15. Rb1 b6 16. Nh4 Be6 17. Qh5 Nd7 18. Bd2 Re8 19. Rbg1 g6 20. Nxg6 fxg6 21.
Rxg6+ hxg6 22. Rxg6+ Qxg6 23. Qxg6+ Kf8 24. f5 Re2+ 25. Kf3 Rxd2 26. fxe6 Re7 27. exd7 Rxd7 28. Qh6+ Ke8 29. Qxd2 Kd8 30. h4 Kc7 31. Kg4 b5 32. h5 Kb6 33. h6 1-0

[Event "*** Titled Tuesday Blitz"]
[Site "Chess.com"]
[Date "2020.05.19"]
[Round "2"]
[White "Zubrrr"]
[Black "2346PL"]
[Result "1-0"]
[WhiteElo "2658"]
[BlackElo "2414"]
[TimeControl "180+1"]
[EndTime "12:17:49 PDT"]
[Termination "Zubrrr won by resignation"]

1. e4 c5 2. d4 cxd4 3. c3 Nf6 4. e5 Nd5 5. Nf3 d6 6. Qxd4 e6 7. c4 Nc6 8. Qe4 f5 9. exf6 Nxf6 10. Qc2 Be7 11.
Nc3 O-O 12. a3 e5 13. h3 Nd4 14. Nxd4 exd4 15. Nd1 d5 16. Bd3 Be6 17. cxd5 Bxd5 18. O-O Rc8 19. Qe2 Re8 20. Bg5 h6 21. Bh4 Bb4 22. Bxf6 Qxf6 23. Qh5 Re5 24. Qg4 Rd8 25. f4 Re3 26. Nxe3 dxe3 27. axb4 Be6 28. Qe2 Qd4 29.
Rad1 1-0

[Event "*** Titled Tuesday Blitz"]
[Site "Chess.com"]
[Date "2020.05.19"]
[Round "2"]
[White "Hikaru"]
[Black "UCantHandleDenker"]
[Result "1-0"]
[WhiteElo "3187"]
[BlackElo "2579"]
[TimeControl "180+1"]
[EndTime "12:17:53 PDT"]
[Termination "Hikaru won by resignation"]

1. Nf3 Nf6 2. c4 g6 3. Nc3 Bg7 4. e4 d6 5. d4 O-O 6. Be2 e5 7.
O-O Nc6 8. d5 Ne7 9. Kh1 a5 10.
Ne1 Nd7 11. Nd3 f5 12. f4 b6 13. exf5 Nxf5 14. Ne4 h6 15. Bg4 exf4 16. Bxf4 Nc5 17.
Ndxc5 bxc5 18. Qd2 Qh4 19. h3 Nd4 20. Bg3 Qe7 21.
Bxc8 Rxf1+ 22. Rxf1 Rxc8 23. Re1 Nf5 24. Bf2 Qf7 25.
Qxa5 Bxb2 26. Qd2 Bg7 27. a4 Ra8 28. a5 Kh7 29. Kg1 Nd4 30. Bh4 Qf5 31. Qd3 Rxa5 32. Rf1 Qh5 33. Bf6 Bxf6 34. Nxf6+ 1-0

[Event "*** Titled Tuesday Blitz"]
[Site "Chess.com"]
[Date "2020.05.19"]
[Round "2"]
[White "davidkalashian"]
[Black "CzechmVIII"]
[Result "1-0"]
[WhiteElo "2603"]
[BlackElo "2211"]
[TimeControl "180+1"]
[EndTime "12:17:53 PDT"]
[Termination "davidkalashian won by resignation"]

1. e4 c5 2. Nc3 Nc6 3. Nf3 g6 4. d4 cxd4 5. Nxd4 Bg7 6. Be3 Nf6 7. Bc4 O-O 8. Bb3 Re8 9. f3 d5 10. exd5 Nb4 11. Nde2 e6 12. d6 Nbd5 13. Nxd5 Nxd5 14.
Bd4 Qxd6 15. Bxg7 Kxg7 16. Qd4+ Kg8 17. O-O-O Qb6 18. Bxd5 exd5 19. Nc3 Qxd4 20. Rxd4 Be6 21. Rhd1 Rac8 22. Nxd5 Bxd5 23. Rxd5 Re2 24. R5d2 Rce8 25. c3 Kg7 26. Rxe2 Rxe2 27. Rd2 Re1+ 28. Kc2 h5 29. h3 g5 30. a4 g4 31. fxg4 hxg4 32. hxg4 Re4 33. Kb3 Rxg4 34. Rd7 Rxg2 35. Rxb7 Kg6 36. Rxa7 f5 37. Ra8 Kf6 38. Rf8+ Ke5 39. a5 Rg1 40. Kc4 Ra1 41. b4 f4 42. Kb5 Ke4 43.
c4 f3 44. c5 Ke3 45. c6 f2 46.
c7 Rc1 47. Kb6 Ke2 48. a6 Rc3 49. Rxf2+ Kxf2 50. a7 1-0

[Event "*** Titled Tuesday Blitz"]
[Site "Chess.com"]
[Date "2020.05.19"]
[Round "2"]
[White "joksijoksi"]
[Black "Stormeman100100"]
[Result "1-0"]
[WhiteElo "2315"]
[BlackElo "2542"]
[TimeControl "180+1"]
[EndTime "12:17:55 PDT"]
[Termination "joksijoksi won by checkmate"]

1. d4 Nf6 2. c4 g6 3. Nc3 Bg7 4. e4 d6 5. Nge2 O-O 6. Ng3 c5 7. d5 e6 8. Be2 exd5 9. exd5 Re8 10. O-O Nbd7 11. Bf4 Ne5 12. Qd2 h5 13. Bg5 Qa5 14. f4 Neg4 15. f5 Nh7 16. Bxg4 hxg4 17. fxg6 fxg6 18.
Bh6 Bd4+ 19. Kh1 Qd8 20. Qd3 Re7 21. Qxg6+ Kh8 22. Rae1 Bd7 23. Rxe7 Qxe7 24. Rf7 Qxf7 25. Qxf7 Re8 26. Nce4 Ba4 27. Nf5 Rg8 28. Nexd6 Bc2 29. Qxg8+ Kxg8 30. Ne7+ Kh8 31. Nf7# 1-0

[Event "*** Titled Tuesday Blitz"]
[Site "Chess.com"]
[Date "2020.05.19"]
[Round "2"]
[White "MPGM"]
[Black "CalinGheorghiu"]
[Result "1-0"]
[WhiteElo "2509"]
[BlackElo "2283"]
[TimeControl "180+1"]
[EndTime "12:17:55 PDT"]
[Termination "MPGM won by checkmate"]

1. d4 Nf6 2. c4 e6 3. Nc3 Bb4 4. Bd2 O-O 5. Rc1 d5 6. e3 c5 7. cxd5 exd5 8. Nf3 Nc6 9. dxc5 Bxc5 10. Be2 a6 11. O-O Bd6 12. h3 Bc7 13. Na4 Qd6 14.
Bc3 Ne4 15. Bd3 Ng5 16. Re1 Nxf3+ 17. Qxf3 b5 18. Nc5 Qxc5 19. Bxg7 Qd6 20. Bxf8 Kxf8 21. Qh5 Qh2+ 22. Kf1 Bb7 23. Qxh7 Re8 24. Bf5 Qh1+ 25.
Ke2 Qxg2 26. Rxc6 Bxc6 27. Qh6+ Ke7 28. Qxc6 Kd8 29. Qd7# 1-0

[Event "*** Titled Tuesday Blitz"]
[Site "Chess.com"]
[Date "2020.05.19"]
[Round "2"]
[White "SidArun"]
[Black "MergenKakabaev"]
[Result "0-1"]
[WhiteElo "2224"]
[BlackElo "2449"]
[TimeControl "180+1"]
[EndTime "12:17:55 PDT"]
[Termination "MergenKakabaev won on time"]

1. d4 d5 2. Nc3 Nf6 3. Bf4 Bf5 4. e3 e6 5. Bd3 Bxd3 6. Qxd3 c6 7. Nf3 Bd6 8. Ne5 Bxe5 9. dxe5 Nfd7 10. e4 O-O 11. Qg3 Re8 12. Bh6 g6 13. h4 d4 14. Ne2 c5 15. h5 Nc6 16. hxg6 fxg6 17. Bg5 Qa5+ 18. Kf1 Ndxe5 19. Bf6 Qc7 20. f4 Rf8 21. Qg5 Ng4 22. Qxg4 Rxf6 23. g3 Ne5 24. Qg5 Raf8 25. Kg2 Nc4 26. Rh6 Ne3+ 27. Kf3 Nxc2 28. Rah1 d3 29. Nc3 R6f7 30. Rd1 c4 31. Nb5 Qb6 0-1

[Event "*** Titled Tuesday Blitz"]
[Site "Chess.com"]
[Date "2020.05.19"]
[Round "2"]
[White "calin_dragomirescu"]
[Black "GM_LOADING"]
[Result "0-1"]
[WhiteElo "2200"]
[BlackElo "2432"]
[TimeControl "180+1"]
[EndTime "12:17:55 PDT"]
[Termination "GM_LOADING won by resignation"]

1. Nf3 Nf6 2. c4 e6 3. g3 a6 4.
Bg2 b5 5. b3 Bb7 6. O-O c5 7. Bb2 Be7 8. Nc3 Qb6 9. d3 O-O 10.
e4 d6 11. Re1 Nc6 12. h4 h6 13. Ne2 Nd7 14. d4 bxc4 15. d5 Nb4 16. dxe6 fxe6 17.
Nf4 Rxf4 18. gxf4 Nd3 19. Re2 Nxf4 20. Rd2 Nxg2 21. Kxg2 Bxe4 22. Kg1 Rf8 23. Nh2 d5 24. bxc4 d4 25. Qe2 Bf5 26. Re1 Bxh4 27. Nf3 Bg4 28.
Qe4 Nf6 29. Qf4 Bxf3 30. Qxf3 Bg5 31. Bc1 Bxd2 32. Bxd2 Nd7 33. Qg4 Rf6 34. Bf4 Nf8 35.
Be5 Rg6 0-1

[Event "*** Titled Tuesday Blitz"]
[Site "Chess.com"]
[Date "2020.05.19"]
[Round "2"]
[White "antoszu"]
[Black "rasmussvane"]
[Result "0-1"]
[WhiteElo "2551"]
[BlackElo "2892"]
[TimeControl "180+1"]
[EndTime "12:17:56 PDT"]
[Termination "rasmussvane won by resignation"]

1. d4 d5 2. c4 e6 3. Nc3 a6 4. cxd5 exd5 5. Nf3 Nf6 6. Qb3 c6 7. Bg5 h6 8. Bh4 Bd6 9. e3 O-O 10. Bd3 Re8 11. O-O Nbd7 12. Qd1 Nb6 13. Bc2 Nc4 14. Rb1 Bg4 15. Qd3 Bh5 16. Qe2 g5 17.
Bg3 Kg7 18. Bd3 Bxg3 19. hxg3 Nd6 20. Qc2 Bxf3 21. gxf3 Nb5 22. Kg2 Qe7 23. Rbe1 Rad8 24. Nxb5 axb5 25. a3 Rh8 26. Qc3 Qd6 27. Bb1 Rhe8 28.
Rd1 Re7 29. Qc2 Rde8 30. Rh1 Qe6 31. Rh2 Rh8 32. Qf5 Qxf5 33. Bxf5 Ne8 34. g4 Nd6 35. Bd3 Nc4 36. Rd2 Nxd2 0-1

[Event "*** Titled Tuesday Blitz"]
[Site "Chess.com"]
[Date "2020.05.19"]
[Round "2"]
[White "BikingBrian"]
[Black "profofchess"]
[Result "0-1"]
[WhiteElo "2247"]
[BlackElo "2460"]
[TimeControl "180+1"]
[EndTime "12:17:56 PDT"]
[Termination "profofchess won by resignation"]

1. d4 Nf6 2. Bg5 Ne4 3. Bf4 Nc6 4. f3 Nf6 5. e4 e6 6. Nc3 d5 7. e5 Nd7 8. Be3 Bb4 9. f4 Ne7 10.
Nf3 c5 11. a3 Bxc3+ 12. bxc3 Nf5 13. Qd2 Qa5 14. g4 Nxe3 15. Qxe3 b6 16. f5 cxd4 17. Qxd4 Ba6 18. Bxa6 Qxa6 19. Qd3 Nc5 20. Qxa6 Nxa6 21.
fxe6 fxe6 22. Nd4 Kd7 23. Rf1 Rhf8 24. Kd2 Nc5 25. Rae1 Ne4+ 26. Kd3 Nf2+ 27. Ke2 Ne4 28. Kd3 Rac8 29. c4 Nf2+ 30. Ke2 Rxc4 31. Rxf2 Rxf2+ 32. Kxf2 Rxd4 33. Kg3 Rc4 34. Re2 Rc3+ 35. Kh4 Rxa3 36. Rf2 Ke7 37. Re2 Rc3 38. Kg5 a5 39. h4 a4 40. h5 Rc4 41. h6 gxh6+ 42. Kxh6 Rxg4 43. Kxh7 b5 44. Kh6 b4 45. Kh5 Rg1 46. Rd2 a3 47. Rd4 a2 48. Rxb4 a1=Q 49. Rb7+ Kd8 50. c4 Qd1+ 0-1

[Event "*** Titled Tuesday Blitz"]
[Site "Chess.com"]
[Date "2020.05.19"]
[Round "2"]
[White "Sanan_Sjugirov"]
[Black "FedaMaster"]
[Result "1-0"]
[WhiteElo "2834"]
[BlackElo "2529"]
[TimeControl "180+1"]
[EndTime "12:17:57 PDT"]
[Termination "Sanan_Sjugirov won on time"]

1. d4 Nf6 2. c4 g6 3. Nc3 d5 4.
cxd5 Nxd5 5. e4 Nxc3 6. bxc3 Bg7 7. Nf3 c5 8. Be3 Nc6 9. Qd2 O-O 10. d5 Qa5 11.
Rc1 Rd8 12. Be2 e6 13. Bg5 f6 14. Bf4 exd5 15. exd5 Ne7 16. c4 Qxd2+ 17. Nxd2 Nf5 18. O-O g5 19. Bc7 Rd7 20. Ba5 Nd4 21. Bd3 b6 22. Bc3 Re7 23. Rfe1 Rxe1+ 24. Rxe1 Bf5 25. Bxf5 Nxf5 26.
Re6 Kf7 27. Ne4 g4 28. h3 1-0

[Event "*** Titled Tuesday Blitz"]
[Site "Chess.com"]
[Date "2020.05.19"]
[Round "2"]
[White "IMRosen"]
[Black "DonPreuss"]
[Result "1-0"]
[WhiteElo "2599"]
[BlackElo "2197"]
[TimeControl "180+1"]
[EndTime "12:17:57 PDT"]
[Termination "IMRosen won by resignation"]

1. d4 Nc6 2. Nf3 d6 3. e4 e5 4. c3 g6 5. Bd3 Bg7 6. Be3 Nge7 7. h3 a6 8. O-O O-O 9. Re1 f5 10. dxe5 f4 11. exd6 fxe3 12. dxe7 exf2+ 13. Kxf2 Qxe7 14.
Nd2 Ne5 15. Bc4+ Nxc4 16. Nxc4 Be6 17. Ne3 c6 18. Kg1 Rf4 19. Nf1 Raf8 20. N1h2 g5 21. Nd4 Rf2 22. Re2 Rxe2 23. Qxe2 Be5 24. Ng4 Bf4 25. Rd1 Qf7 26. Nh6+ Kg7 27. Nxf7 Rxf7 28. Nxe6+ 1-0

[Event "*** Titled Tuesday Blitz"]
[Site "Chess.com"]
[Date "2020.05.19"]
[Round "2"]
[White "Bacyanide"]
[Black "Belka1989"]
[Result "1-0"]
[WhiteElo "2411"]
[BlackElo "2153"]
[TimeControl "180+1"]
[EndTime "12:17:57 PDT"]
[Termination "Bacyanide won by checkmate"]

1. d4 Nf6 2. Nf3 d5 3. Bf4 e6 4.
e3 c5 5. Nbd2 Nc6 6. c3 Bd6 7.
Bg3 O-O 8. Bd3 b6 9. Qe2 Bb7 10. Rd1 Rc8 11. e4 Be7 12. Bh4 Nd7 13. Bxe7 Nxe7 14. e5 cxd4 15. cxd4 Nb8 16. h4 h6 17. g4 Nbc6 18. a3 Na5 19. h5 Nc4 20. g5 Nxb2 21.
gxh6 Nxd3+ 22. Qxd3 gxh6 23. Nh2 Nf5 24. Ng4 Qc7 25.
Nf6+ Kh8 26. Rg1 Qc3 27. Qxc3 Rxc3 28. Nb1 Rc7 29. Rg4 Rfc8 30. Kd2 Rc2+ 31. Ke1 Rc1 32.
Rxc1 Rxc1+ 33. Kd2 Rxb1 34. Rg8# 1-0